Map: Ulrena

Players

Soybean

  • Race: Zerg Zerg
  • League: Platinum

Chris (MCanning) - Winner!

  • Race: Protoss Protoss
  • League: Platinum

VOD

Have the link to the VOD?

Description

Time

  • Played on: Nov. 11, 2015, 12:59 a.m.
  • Length: 10:29
Show
View Real Time Build Order
Export as new Build Order

Soybean Zerg 

Build Orders: Pool First, Zergling Baneling 

Get SALT Encoding   

  12  0:01  Drone  
  13  0:15  Extractor  
  12  0:25  Spawning Pool  
  11  0:28  Drone  
  11  0:34  Drone  
  13  0:40  Drone  
  14  0:47  Extractor  
  14  0:48  Drone  
  15  0:56  Overlord  
  15  1:13  Queen  
  15  1:17  Zergling x2  
  18  1:23  Metabolic Boost  
  18  1:33  Drone x2  
  20  2:00  Hatchery  
  19  2:13  Baneling Nest  
  18  2:29  Overlord  
  18  2:32  Zergling x2  
  18  2:33  Zergling x6  
  18  2:35  Overlord  
  22  3:01  Zergling x2  
  22  3:02  Zergling x6  
  26  3:06  Zergling x2  
  26  3:12  Queen  
  29  3:15  Zergling x2  
  30  3:27  Zergling x2  
  30  3:28  Zergling x4  
  33  3:39  Baneling  
  33  3:40  Baneling x4  
  33  3:51  Baneling  
  33  3:52  Baneling x5  
  33  4:00  Zergling x2  
  20  4:29  Drone x7  
  20  4:30  Drone  
  28  4:42  Drone x2  
  28  4:43  Drone  
  31  5:01  Hatchery  
  30  5:07  Lair  
  30  5:09  Drone x2  
  32  5:16  Drone x3  
  32  5:20  Overlord  
  35  5:25  Overlord  
  35  5:43  Roach Warren  
  35  5:46  Spine Crawler x2  
  35  5:48  Spine Crawler  
  31  5:50  Spine Crawler  
  31  5:53  Spine Crawler  
  31  5:54  Zergling x2  
  30  6:01  Overlord  
  30  6:03  Zergling x4  
  33  6:20  Extractor  
  33  6:22  Drone x3  
  33  6:23  Drone x3  
  35  6:33  Zergling x10  
  37  6:43  Roach  
  37  6:44  Roach x4  
  37  6:46  Queen  
  46  6:53  Roach  
  50  7:00  Roach  
  43  7:22  Queen  
  43  7:32  Spore Crawler, Drone x2  
  43  7:33  Drone  
  43  7:35  Drone x5  
  50  8:01  Hatchery  
  50  8:04  Drone x3  
  52  8:07  Overlord x2  
  52  8:25  Spore Crawler  
  52  8:27  Drone x3  
  54  8:36  Drone x3  
  54  8:38  Drone x3  
  54  8:40  Queen  
  62  8:42  Queen  
  62  8:46  Overseer  
  64  8:53  Roach x2  
  64  8:54  Overlord, Extractor  
  67  9:15  Hydralisk Den  
  66  9:19  Extractor  
  65  9:32  Roach  
  65  9:33  Roach x7  
Show
View Real Time Build Order
Export as new Build Order

Chris Protoss - Winner!

Build Orders:  

Get SALT Encoding   

  12  0:01  Probe (Chrono Boost)  
  13  0:11  Probe (Chrono Boost)  
  14  0:22  Probe (Chrono Boost), Pylon  
  15  0:40  Probe (Chrono Boost)  
  15  0:41  Gateway  
  16  0:51  Probe (Chrono Boost)  
  17  1:01  Probe (Chrono Boost)  
  18  1:06  Assimilator  
  18  1:12  Probe (Chrono Boost)  
  18  1:17  Pylon  
  19  1:22  Probe (Chrono Boost)  
  20  1:28  Assimilator  
  20  1:30  Cybernetics Core, Zealot (Chrono Boost)  
  22  1:33  Probe  
  23  1:45  Probe, Pylon  
  24  1:55  Zealot (Chrono Boost)  
  24  1:57  Probe  
  27  2:09  Mothership Core (Chrono Boost)  
  28  2:17  Warp Gate (Chrono Boost)  
  28  2:18  Adept (Chrono Boost)  
  30  2:29  Probe (Chrono Boost)  
  31  2:37  Pylon  
  31  2:50  Nexus  
  31  2:56  Probe (Chrono Boost)  
  32  3:00  Stalker  
  34  3:07  Probe (Chrono Boost)  
  35  3:17  Probe (Chrono Boost), Pylon  
  36  3:28  Probe (Chrono Boost)  
  36  3:30  Sentry  
  39  3:38  Probe (Chrono Boost)  
  40  3:42  Gateway  
  40  3:49  Probe (Chrono Boost)  
  40  3:55  Gateway  
  41  3:59  Probe (Chrono Boost)  
  42  4:09  Robotics Facility  
  42  4:11  Probe  
  42  4:16  Pylon  
  43  4:22  Pylon  
  43  4:26  Pylon  
  43  4:27  Probe  
  43  4:28  Sentry, Probe  
  47  4:35  Pylon  
  47  4:41  Probe  
  48  4:47  Probe  
  48  4:51  Forge  
  48  4:52  Sentry x2  
  53  4:54  Probe (Chrono Boost)  
  53  4:57  Observer (Chrono Boost)  
  53  4:59  Probe (Chrono Boost)  
  56  5:06  Probe (Chrono Boost)  
  57  5:10  Gateway  
  57  5:12  Gateway  
  57  5:17  Warp Prism (Chrono Boost)  
  57  5:19  Probe  
  60  5:25  Stalker  
  62  5:30  Stalker  
  62  5:31  Stalker  
  62  5:33  Probe  
  67  5:38  Probe  
  68  5:46  Probe  
  68  5:47  Protoss Ground Weapons Level 1  
  68  5:48  Assimilator  
  69  5:50  Assimilator  
  69  5:54  Photon Cannon  
  69  6:03  Probe  
  70  6:06  Adept  
  70  6:07  Adept  
  70  6:08  Adept  
  77  6:11  Observer (Chrono Boost)  
  77  6:13  Probe  
  78  6:25  Robotics Bay  
  78  6:26  Pylon  
  78  6:28  Twilight Council  
  78  6:43  Probe  
  77  6:50  Adept x4  
  85  7:04  Pylon  
  85  7:05  Blink (Chrono Boost)  
  85  7:08  Probe, Pylon x2  
  85  7:10  Pylon  
  84  7:18  Nexus  
  84  7:21  Pylon  
  80  7:26  Protoss Ground Weapons Level 2  
  80  7:28  Disruptor (Chrono Boost)  
  83  7:39  Zealot  
  83  7:41  Stalker x2  
  83  7:42  Stalker x2  
  93  7:50  Pylon  
  93  7:57  Probe  
  94  8:08  Probe  
  95  8:15  Stalker x2, Gateway  
  95  8:16  Stalker x2  
  95  8:17  Gateway  
  103  8:20  Gateway  
  103  8:22  Disruptor (Chrono Boost)  
  106  8:28  Probe  
  106  8:29  Pylon  
  107  8:35  Probe  
  108  8:44  Zealot x2  
  108  8:45  Zealot  
  114  8:50  Stalker x2  
  114  8:55  Disruptor (Chrono Boost)  
  121  9:24  Stalker x6  
  125  9:27  Probe  
  125  9:30  Probe  
  133  9:33  Pylon  
  125  9:42  Probe  
  124  9:52  Stalker  
  124  9:53  Stalker x5  
  133  10:09  Probe  
  132  10:23  Stalker x5  
  132  10:24  Stalker  
Tags
 
Add a new tag
Caveats
  • Supply blocks, unpowered buildings, or Contaminate may cause inaccurate times.
  • Supply counts are checked every 10 seconds.